 Dungeon Crawl Stone Soup version 0.22-a0-455-ga0624bf62c (webtiles) character file.

423 Kriby the Spear-Bearer (level 6, -7/39 HPs)
             Began as a Merfolk Skald on June 5, 2018.
             Was a Follower of Hepliaklqana.
             Killed from afar by an orc wizard (9 damage)
             ... with a puff of flame
             ... on level 5 of the Dungeon.
             The game lasted 00:02:56 (3596 turns).

Kriby the Spear-Bearer (Merfolk Skald)              Turns: 3596, Time: 00:02:57

Health: -7/39      AC:  5    Str: 13      XL:     6   Next: 95%
Magic:  9/9        EV: 13    Int: 17 (18) God:    Hepliaklqana [*.....]
Gold:   161        SH:  0    Dex: 13      Spells: 8/9 levels left

rFire    . . .     SeeInvis .   g - +0 halberd
rCold    . . .     Gourm    .   (shield currently unavailable)
rNeg     . . .     Faith    .   k - +0 ring mail
rPois    .         Spirit   .   (no helmet)
rElec    .         Reflect  .   (no cloak)
rCorr    .         Harm     .   (no gloves)
MR       .....                  (no boots)
Stlth    +.........             (no amulet)
HPRegen  0.13/turn              (no ring)
MPRegen  0.11/turn              (no ring)

@: brilliant, lethally poisoned (-7 -> -11)
A: change form in water, swift swim, stealthy swim, reduced essence
a: Recall Ancestor, Ancestor Identity, Renounce Religion


You were on level 5 of the Dungeon.
You worshipped Hepliaklqana.
Hepliaklqana was aware of your devotion.
You were hungry.

You visited 1 branch of the dungeon, and saw 5 of its levels.

You collected 161 gold pieces.

Inventory:

Hand Weapons
 a - a +0 spear
 g - a +0 halberd (weapon)
 h - a +1 spear of venom
Armour
 b - a +0 leather armour
 k - a +0 ring mail (worn)
Jewellery
 e - an uncursed ring of protection from fire {unknown}
 s - an uncursed ring of protection from magic {unknown}
 t - an uncursed ring of stealth {unknown}
 u - an uncursed ring of fire {unknown}
Wands
 y - a wand of iceblast (8) {@v4}
Scrolls
 i - 4 scrolls of teleportation {unknown}
 m - a scroll of enchant weapon {unknown}
 n - 2 scrolls of amnesia {unknown}
 p - 4 scrolls of identify {unknown}
 r - 2 scrolls of magic mapping {unknown}
 w - a scroll of enchant armour {unknown}
 x - a scroll of remove curse {unknown}
Potions
 c - a potion of degeneration
 f - 2 potions of resistance
 j - 3 potions of agility {@q5}
 o - 2 potions of brilliance
 q - a potion of ambrosia {unknown}
 v - a potion of might {unknown}
 z - a potion of invisibility {unknown}
 A - a potion of magic {unknown}
 B - a potion of heal wounds {unknown}
Comestibles
 d - 4 rations {@e1}


   Skills:
 - Level 2.1 Fighting
 * Level 8.7 Polearms
 - Level 0.6 Armour
 + Level 5.7 Dodging
 - Level 2.0 Spellcasting
 - Level 3.2 Charms


You had 8 spell levels left.
You knew the following spells:

 Your Spells              Type           Power        Failure   Level  Hunger
a - Infusion              Chrm           ###.         1%          1    #......

Your spell library contained the following spells:

 Spells                   Type           Power        Failure   Level  Hunger
 Magic Dart               Conj           ##..         4%          1    #......
 Regeneration             Chrm/Necr      ###.......   8%          3    ###....
 Shroud of Golubria       Chrm/Tloc      ###.......   4%          2    ###....
 Song of Slaying          Chrm           ###.....     1%          2    ###....
 Spectral Weapon          Hex/Chrm       ###.....     8%          3    ###....


Dungeon Overview and Level Annotations

Branches:
Dungeon (5/15)             Temple (0/1) D:4

Altars:
Hepliaklqana
Kikubaaqudgha
Ru
Sif Muna
Uskayaw
Vehumet


Message History

* * * LOW HITPOINT WARNING * * *
Something hits you but does no damage.
You are lethally poisoned!
* * * LOW HITPOINT WARNING * * *
You feel sick.
You feel better.
An orc wizard appears from thin air!
Reactivating autopickup.
The orc wizard gestures at you while chanting.
The puff of frost hits you!
* * * LOW HITPOINT WARNING * * *
The orc warrior misses you.
The orc wizard hits you but does no damage.
You are lethally poisoned!
* * * LOW HITPOINT WARNING * * *
You feel sick.
It was a potion of brilliance.
You feel clever all of a sudden.
The orc wizard points at you and mumbles some strange words.
The puff of flame hits you!
You die...

#.# #.# #.# ########.#
.........####### ..
######..<..[..# #.#
#.######.# #.# #.#
#.#########@#
#.#...o.o.o.#
#....R....o.#
#...#######.######.#
######...###............#
R...o...../..###.########
#######..##### #.#
#######..# #.#
.........#######.#


You could see the friendly Demise the ancestor, an orc warrior, an orc wizard
and 2 orcs.

Vanquished Creatures
  Sigmund (D:4)
  A crimson imp (D:4)
  An orc priest (D:3)
  A worker ant (D:4)
  A howler monkey skeleton (D:4)
  3 adders
  4 gnolls (D:3)
  An ooze (D:4)
  5 leopard geckos
  8 orcs
  4 ball pythons
  8 bats
  4 giant cockroaches
  8 goblins
  5 hobgoblins
  3 jackals
  3 quokkas
  11 frilled lizards
  4 kobolds
  11 rats
87 creatures vanquished.

Vanquished Creatures (collateral kills)
  A worker ant zombie (D:3)
  2 orcs
  3 jackals
  A leopard gecko skeleton (D:5)
7 creatures vanquished.

Vanquished Creatures (others)
  An ancestor (D:3)
1 creature vanquished.

Grand Total: 95 creatures vanquished

Notes
Turn   | Place    | Note
-------+----------+-------------------------------------------
     0 | D:1      | Kriby the Merfolk Skald began the quest for the Orb.
     0 | D:1      | Reached XP level 1. HP: 16/16 MP: 3/3
   229 | D:1      | Reached XP level 2. HP: 22/22 MP: 5/5
   384 | D:1      | Reached skill level 4 in Polearms
   649 | D:1      | Reached XP level 3. HP: 26/27 MP: 6/6
  1097 | D:2      | Reached skill level 5 in Polearms
  1138 | D:2      | Found a hazy altar of Hepliaklqana.
  1220 | D:2      | Became a worshipper of Hepliaklqana the Forgotten
  1467 | D:3      | Reached XP level 4. HP: 29/29 MP: 7/7
  1515 | D:3      | Found a hide-covered altar of Uskayaw.
  1613 | D:3      | Reached skill level 6 in Polearms
  1946 | D:3      | Reached XP level 5. HP: 32/34 MP: 8/8
  2454 | D:3      | Reached * piety under Hepliaklqana
  2672 | D:4      | Noticed Sigmund
  2682 | D:4      | Killed Sigmund
  2682 | D:4      | Reached skill level 8 in Polearms
  2682 | D:4      | Reached skill level 5 in Dodging
  2682 | D:4      | Reached XP level 6. HP: 29/39 MP: 9/9
  2771 | D:4      | Found a staircase to the Ecumenical Temple.
  2958 | D:4      | Found a sacrificial altar of Ru.
  3421 | D:4      | Found an ancient bone altar of Kikubaaqudgha.
  3423 | D:4      | Found a radiant altar of Vehumet.
  3424 | D:4      | Found a deep blue altar of Sif Muna.
  3429 | D:4      | Identified Vehumet's Disquisition on Arcane Weapons
  3525 | D:5      | Entered Level 5 of the Dungeon
  3560 | D:5      | Noticed an orc warrior
  3595 | D:5      | HP: 1/39 [poisoned by an orc wizard]
  3596 | D:5      | Killed from afar by an orc wizard

Vault maps used:
D:1:      minmay_arrival_stone_box
D:2:      lemuel_doored_altar, first_ration
D:3:      eat_drink_and_be_merry_uskayaw, hangedman_abyss_or_decor_stabs
D:4:      grunt_temple_overflow_magic_moments, kennysheep_mini_moat,
          minmay_temple_entry_butterflies, uniq_sigmund
D:5:      lemuel_tele_altar, uniq_menkaure

Skill      XL: |  1  2  3  4  5 |
---------------+----------------+-----
Dodging        | 3 4 5 |  5.7
Polearms       | 4 5 6 8 |  8.7
Fighting       | |  2.1
Armour         | |  0.6
Spellcasting   | |  2.0
Charms         | |  3.2

Action                   |  1- 3 |  4- 6 || total
-------------------------+-------+-------++-------
Melee: Spear             |   118 |    74 ||   192
       Halberd           |       |    60 ||    60
Invok: Ancestor Identity |       |     1 ||     1
  Use: Potion            |       |     6 ||     6
  Eat: Chunk             |     2 |     6 ||     8
Armor: Leather armour    |     3 |       ||     3
       Ring mail         |    18 |    19 ||    37
Dodge: Dodged            |    40 |    62 ||   102

Table legend:
 A = Spawn XP
 B = Non-spawn XP
 C = Spawn XP percentage of total XP
 D = Spawn monster count
 E = Non-spawn monster count
 F = Spawn count percentage of total count
 G = Total turns spent on level
                    A         B        C        D         E        F      G
               +---------+---------+-------+---------+---------+-------+---------
         Total |       0 |     605 |   0.0 |       0 |      94 |   0.0 |  3596
               +---------+---------+-------+---------+---------+-------+---------
           D:1 |       0 |      44 |   0.0 |       0 |      29 |   0.0 |   903
           D:2 |       0 |      24 |   0.0 |       0 |      14 |   0.0 |   725
           D:3 |       0 |     179 |   0.0 |       0 |      32 |   0.0 |  1044
           D:4 |       0 |     346 |   0.0 |       0 |      13 |   0.0 |   853
           D:5 |       0 |      12 |   0.0 |       0 |       6 |   0.0 |    71
               +---------+---------+-------+---------+---------+-------+---------
